Map: Eternal Empire LE

Players

ViBE - Winner!

  • Race: Zerg Zerg
  • League: Master
  • Spawn Location: 7:00

Krahnicz

  • Race: Terran Terran
  • League: Diamond
  • Spawn Location: 1:00

VOD

Have the link to the VOD?

Description

Time

  • Played on: Jan. 7, 2020, 2:50 a.m.
  • Length: 15:42
Show
View Real Time Build Order
Export as new Build Order

ViBE Zerg - Winner!

Build Orders: Hatch First, Brood Lord Corruptor 

Get SALT Encoding   

  12  0:00  Drone  
  13  0:12  Overlord  
  13  0:17  Drone  
  14  0:30  Drone  
  14  0:31  Drone  
  16  0:37  Drone  
  17  0:52  Hatchery  
  17  0:57  Drone  
  17  0:58  Drone  
  18  1:10  Extractor  
  17  1:15  Spawning Pool  
  16  1:19  Drone x2  
  18  1:28  Drone  
  19  1:43  Overlord  
  19  2:00  Drone  
  20  2:05  Drone x2  
  20  2:06  Queen x2  
  26  2:18  Metabolic Boost  
  26  2:25  Hatchery  
  26  2:28  Zergling x2  
  26  2:34  Extractor  
  26  2:35  Zergling x4  
  26  2:39  Spore Crawler  
  25  2:45  Spore Crawler  
  25  2:51  Queen  
  29  2:54  Drone x3  
  32  3:01  Spore Crawler  
  31  3:05  Spore Crawler  
  31  3:07  Drone  
  31  3:08  Drone x3  
  36  3:12  Overlord  
  36  3:30  Overlord  
  36  3:31  Overlord  
  36  3:32  Drone  
  36  3:33  Drone x3  
  40  3:38  Queen  
  40  3:40  Drone  
  43  3:43  Drone  
  43  3:46  Drone  
  45  3:51  Drone x3  
  47  3:58  Baneling Nest  
  46  4:07  Drone x7  
  53  4:11  Queen  
  55  4:17  Extractor  
  55  4:19  Drone x3  
  57  4:28  Drone x2  
  57  4:29  Zergling x4  
  61  4:36  Zergling x6  
  61  4:37  Lair  
  64  4:40  Overlord  
  64  4:45  Overlord  
  64  4:47  Queen  
  66  4:56  Overlord x2  
  66  4:58  Queen, Baneling x3  
  66  4:59  Baneling x3  
  68  5:10  Drone, Roach Warren  
  68  5:11  Drone x8  
  68  5:13  Drone x2  
  78  5:28  Extractor  
  78  5:29  Extractor  
  78  5:30  Extractor  
  78  5:32  Drone x9  
  79  5:51  Queen  
  79  6:02  Glial Reconstitution  
  79  6:03  Roach x6  
  88  6:04  Overlord  
  88  6:05  Overlord x6  
  88  6:11  Drone, Infestation Pit  
  88  6:22  Drone  
  88  6:23  Drone, Extractor  
  88  6:25  Drone x3  
  92  6:26  Drone  
  92  6:32  Drone  
  94  6:34  Drone, Spire  
  94  6:35  Drone x2  
  94  6:37  Evolution Chamber  
  94  6:38  Evolution Chamber  
  94  6:39  Hatchery  
  93  6:50  Pathogen Glands  
  93  6:52  Roach x8  
  107  7:15  Drone x3  
  108  7:18  Spore Crawler  
  108  7:19  Spore Crawler x2  
  108  7:20  Drone x2, Hatchery  
  108  7:21  Drone  
  108  7:23  Zerg Melee Weapons Level 1, Zerg Missile Weapons Level 1  
  108  7:24  Infestor x2  
  112  7:32  Drone  
  112  7:36  Roach x8  
  128  7:42  Hatchery  
  127  7:48  Zerg Flyer Weapons Level 1  
  127  7:50  Hive  
  127  8:08  Drone  
  128  8:16  Hatchery  
  127  8:29  Drone x6  
  127  8:30  Drone x13  
  127  8:32  Overlord x2  
  146  8:42  Drone x3  
  146  8:43  Drone x2  
  151  8:53  Extractor  
  150  8:57  Spore Crawler  
  150  8:58  Extractor, Spine Crawler  
  150  9:01  Spine Crawler  
  140  9:06  Extractor x2, Spine Crawler  
  140  9:07  Spine Crawler  
  140  9:08  Spore Crawler  
  140  9:09  Drone  
  137  9:10  Drone x4  
  137  9:11  Drone  
  137  9:14  Adrenal Glands  
  137  9:15  Hydralisk Den  
  139  9:17  Zerg Melee Weapons Level 2, Zerg Missile Weapons Level 2  
  139  9:25  Drone x5  
  144  9:37  Overseer  
  144  9:38  Pneumatized Carapace, Burrow  
  144  9:45  Drone  
  144  9:46  Drone x6  
  144  9:51  Neural Parasite, Greater Spire  
  144  9:52  Lurker Den  
  150  9:53  Spine Crawler  
  150  9:55  Spine Crawler  
  150  9:57  Unknown  
  139  10:16  Corruptor x4  
  139  10:17  Corruptor x11  
  169  10:32  Spore Crawler  
  143  11:06  Zergling x32  
  143  11:07  Zergling x20  
  150  11:33  Drone  
  150  11:34  Drone x8  
  150  11:35  Drone  
  154  11:41  Spine Crawler  
  154  11:42  Drone, Hatchery  
  154  11:44  Brood Lord x6  
  154  11:45  Brood Lord x4  
  173  11:49  Overlord x5  
  173  11:50  Overlord  
  173  11:52  Adaptive Talons, Zerg Missile Weapons Level 3, Zerg Melee Weapons Level 3  
  173  11:56  Zerg Flyer Armor Level 1  
  173  12:08  Drone x3  
  173  12:17  Spine Crawler  
  173  12:19  Spine Crawler  
  168  12:24  Corruptor x9  
  180  12:33  Corruptor x3  
  179  12:49  Seismic Spines  
  179  12:54  Brood Lord x2  
  179  12:55  Brood Lord  
  179  12:56  Corruptor x4  
  193  12:58  Corruptor  
  191  13:12  Overseer x3  
  189  13:15  Grooved Spines  
  189  13:19  Unknown  
  189  13:25  Hatchery  
  188  13:34  Corruptor  
  188  13:35  Corruptor x5  
  186  14:23  Corruptor x12  
  200  14:26  Muscular Augments  
  190  14:39  Corruptor x6  
  190  14:43  Corruptor  
  188  15:10  Extractor  
  188  15:12  Spine Crawler  
  180  15:14  Spine Crawler  
  180  15:15  Spore Crawler  
  180  15:17  Extractor  
  180  15:19  Zergling x2  
  180  15:20  Zergling x12  
Show
View Real Time Build Order
Export as new Build Order

Krahnicz Terran 

Build Orders: 2 Factory, Reaper Expand, Mech 

Get SALT Encoding   

  12  0:00  SCV  
  13  0:13  SCV  
  14  0:18  Supply Depot  
  14  0:25  SCV  
  15  0:39  SCV  
  15  0:40  Barracks  
  16  0:44  Refinery  
  16  0:52  SCV  
  17  1:04  SCV  
  18  1:16  SCV  
  19  1:27  Reaper  
  19  1:28  Orbital Command  
  20  1:43  Command Center  
  20  1:53  Supply Depot  
  20  1:54  SCV  
  21  1:59  Barracks Reactor  
  21  2:06  Refinery  
  21  2:08  SCV  
  22  2:20  SCV  
  22  2:22  Factory  
  23  2:32  SCV  
  23  2:36  Marine x2  
  26  2:49  SCV  
  27  2:54  Marine x2  
  29  3:08  Factory Tech Lab, Factory  
  29  3:12  Orbital Command  
  28  3:21  Factory  
  28  3:24  Hellion  
  30  3:37  SCV  
  30  3:38  SCV  
  32  3:48  Hellion x2  
  36  3:49  SCV  
  36  3:50  SCV  
  38  4:00  Supply Depot  
  38  4:01  Factory Tech Lab, SCV  
  38  4:02  SCV  
  40  4:07  Factory Tech Lab  
  40  4:15  Supply Depot, SCV x2  
  42  4:25  Infernal Pre-Igniter  
  42  4:27  Mag-Field Accelerator, SCV  
  42  4:28  Cyclone  
  42  4:29  Hellion x2  
  50  4:33  Supply Depot  
  50  4:35  SCV  
  51  4:40  Cyclone  
  51  4:44  SCV  
  55  4:50  Hellion  
  55  4:51  Hellion  
  59  4:54  Armory  
  59  4:56  SCV  
  60  5:04  Hellion  
  62  5:08  SCV x2  
  62  5:13  Supply Depot x2  
  64  5:20  SCV  
  65  5:24  Cyclone  
  65  5:25  Hellion  
  70  5:35  Hellion, Command Center  
  68  5:52  Hellion x2  
  68  5:56  Cyclone  
  73  6:03  SCV x2  
  69  6:06  Refinery  
  69  6:07  Supply Depot  
  69  6:10  Supply Depot, Terran Vehicle Weapons Level 1  
  69  6:13  Cyclone  
  69  6:15  SCV x2  
  69  6:17  Refinery  
  74  6:26  Armory  
  74  6:27  SCV x2  
  76  6:39  SCV  
  77  6:47  SCV  
  77  6:50  Hellion  
  77  6:51  Hellion x3, SCV  
  87  7:12  Hellion x3  
  89  7:16  SCV x2  
  89  7:18  Orbital Command  
  91  7:27  Starport  
  91  7:28  Starport, SCV x2  
  93  7:30  Starport  
  93  7:36  Terran Ship Weapons Level 1  
  96  7:40  SCV  
  97  7:45  Siege Tank  
  97  7:47  Siege Tank  
  97  7:48  Hellion x2  
  104  7:52  SCV x3  
  104  7:55  Refinery  
  104  7:57  Supply Depot, Refinery  
  107  7:58  Supply Depot  
  107  8:04  SCV x2  
  109  8:05  SCV  
  109  8:11  Starport Tech Lab x2  
  109  8:12  Starport Tech Lab, Command Center  
  110  8:15  Fusion Core  
  110  8:16  SCV  
  111  8:21  Siege Tank x2  
  110  8:29  SCV  
  110  8:33  Supply Depot  
  111  8:34  Supply Depot  
  111  8:35  SCV x2  
  113  8:49  Hellion  
  113  8:53  Siege Tank  
  111  9:03  Battlecruiser  
  111  9:06  Battlecruiser  
  111  9:07  Hellion x2  
  127  9:20  SCV  
  127  9:23  Weapon Refit  
  127  9:24  Hellion  
  130  9:25  Terran Vehicle And Ship Armor Level 1  
  130  9:32  Engineering Bay  
  124  9:43  Battlecruiser  
  124  9:44  Hellion x3  
  124  9:45  Hellion  
  138  9:52  Terran Ship Weapons Level 2  
  138  10:10  Planetary Fortress  
  138  10:12  SCV x3  
  141  10:16  Supply Depot  
  141  10:20  Siege Tank x2, Hellion x2  
  151  10:24  SCV  
  152  10:40  SCV x3  
  152  10:41  Refinery, Hellion  
  152  10:42  Hellion  
  158  10:52  Siege Tank, Hellion  
  158  10:56  Refinery  
  158  11:06  Hellion x2  
  158  11:07  Battlecruiser  
  160  11:13  Siege Tank  
  155  11:23  Starport  
  155  11:24  Hellion  
  157  11:29  Hellion x2  
  157  11:30  Battlecruiser  
  141  11:41  SCV x4  
  141  11:45  Siege Tank  
  141  11:46  Hellion  
  150  11:53  Hellion x2, SCV x3  
  150  11:54  Battlecruiser, Liberator  
  163  12:04  Starport Reactor  
  163  12:07  Hellion  
  165  12:14  Hellion  
  165  12:15  Hellion  
  172  12:18  Terran Vehicle And Ship Armor Level 2  
  144  12:34  Viking  
  138  12:43  Viking x2  
  115  12:54  Viking  
  115  12:58  Viking  
  117  13:04  Viking  
  119  13:13  Viking x2, Thor  
  119  13:16  Command Center  
  129  13:24  Viking  
  131  13:28  Viking  
  131  13:34  Viking  
  135  13:43  Viking  
  135  13:46  Command Center  
  137  13:54  Viking, Supply Depot  
  139  13:55  Supply Depot  
  139  13:58  Factory Reactor  
  139  14:02  Supply Depot  
  139  14:05  Cyclone, Supply Depot  
  139  14:07  Cyclone  
  122  14:21  Viking  
  122  14:22  Viking x3  
  114  14:27  Supply Depot  
  114  14:29  Supply Depot  
  90  14:38  Viking  
  81  14:50  Hellion x3  
  81  14:51  Viking  
  78  14:59  SCV x2  
  69  15:10  Hellion  
  69  15:11  Hellion, SCV  
Tags
 
Add a new tag
Caveats
  • Supply blocks, unpowered buildings, or Contaminate may cause inaccurate times.
  • Supply counts are checked every 10 seconds.